Map: Dusk Towers

Players

MarineLorD

  • Race: Terran Terran
  • League: Master

HuK - Winner!

  • Race: Protoss Protoss
  • League: Grandmaster

Event: DreamHack ZOWIE Open Leipzig

VOD

Have the link to the VOD?

Description

Time

  • Played on: Jan. 22, 2016, 8:55 a.m.
  • Length: 15:22

All games in this series

Show
View Real Time Build Order
Export as new Build Order

MarineLorD Terran 

Build Orders:  

Get SALT Encoding   

  12  0:00  SCV  
  13  0:12  SCV  
  14  0:17  Supply Depot  
  14  0:24  SCV  
  15  0:38  SCV  
  15  0:40  Barracks  
  16  0:43  Refinery  
  16  0:50  SCV  
  17  1:03  SCV  
  18  1:15  SCV  
  19  1:27  Barracks Reactor, Orbital Command  
  19  1:40  Command Center  
  19  1:51  Supply Depot  
  19  1:52  SCV  
  20  2:03  Marine x2  
  20  2:04  SCV  
  23  2:12  Factory  
  23  2:16  SCV  
  23  2:21  Marine x2  
  26  2:26  Refinery  
  26  2:28  SCV  
  27  2:39  Marine x2  
  27  2:41  SCV  
  30  2:52  Orbital Command  
  30  2:53  SCV  
  30  2:57  Starport  
  31  2:59  Factory Tech Lab  
  31  3:01  Reaper  
  31  3:03  Marine  
  33  3:07  SCV  
  34  3:16  Supply Depot  
  34  3:17  SCV  
  34  3:19  SCV  
  36  3:27  Cyclone  
  36  3:29  SCV  
  36  3:31  SCV, Marine  
  36  3:33  Marine  
  43  3:42  SCV  
  43  3:43  SCV  
  43  3:45  Viking  
  47  3:49  Marine  
  47  3:54  SCV  
  49  3:55  SCV  
  49  3:56  Supply Depot x2  
  51  4:06  SCV  
  51  4:08  SCV  
  54  4:13  Factory Tech Lab  
  52  4:18  Command Center  
  52  4:20  SCV  
  38  4:24  Liberator  
  53  4:27  Marine x2  
  56  4:31  SCV  
  56  4:32  SCV  
  57  4:43  SCV  
  57  4:44  SCV  
  61  4:46  Factory Reactor  
  61  4:47  Marine x2  
  63  4:55  SCV  
  63  4:56  SCV, Barracks x2  
  63  4:59  Supply Depot  
  65  5:04  Marine x2  
  65  5:06  Engineering Bay  
  67  5:07  SCV  
  67  5:08  SCV, Engineering Bay  
  67  5:10  Refinery x2  
  69  5:19  SCV  
  69  5:20  SCV  
  71  5:22  Supply Depot  
  71  5:29  Marine x2  
  71  5:31  SCV, Factory Reactor, Orbital Command  
  71  5:32  SCV  
  71  5:33  Terran Infantry Weapons Level 1, Terran Infantry Armor Level 1  
  75  5:42  Marine  
  76  5:43  Stimpack  
  76  5:44  SCV x2  
  78  5:50  Marauder, Orbital Command  
  78  5:51  Marine  
  78  5:52  Medivac, Marine  
  78  5:53  Medivac  
  78  5:56  SCV x2  
  88  5:58  Supply Depot  
  88  6:02  Marauder  
  90  6:07  Liberator x2  
  90  6:08  SCV  
  90  6:09  SCV  
  92  6:17  SCV  
  91  6:20  SCV  
  91  6:21  SCV  
  91  6:22  Marauder  
  101  6:27  Marine x2  
  101  6:29  SCV  
  103  6:33  SCV  
  103  6:34  Refinery  
  103  6:37  Refinery  
  103  6:39  Supply Depot  
  104  6:40  Supply Depot  
  104  6:41  Marauder  
  104  6:42  Marine  
  104  6:43  Supply Depot  
  107  6:50  Armory, Marine  
  107  6:51  Marine  
  109  6:59  Liberator x2  
  109  7:01  SCV x3, Barracks, Marauder  
  114  7:04  Barracks  
  111  7:09  Marauder, Marine x2  
  111  7:11  Factory Reactor  
  115  7:19  SCV  
  122  7:23  SCV, Marauder  
  122  7:28  Supply Depot  
  122  7:29  Supply Depot x2  
  125  7:34  Missile Turret x2  
  125  7:35  Marauder, Missile Turret, Marine x2  
  129  7:41  SCV, Starport  
  129  7:44  Terran Infantry Weapons Level 2  
  130  7:45  Terran Infantry Armor Level 2  
  130  7:46  Liberator  
  130  7:50  Marine x2  
  133  7:52  Barracks Reactor, Terran Ship Weapons Level 1  
  131  8:01  Liberator  
  131  8:04  Marauder, Marine  
  131  8:05  Marine  
  139  8:06  Marauder  
  139  8:08  Marine  
  139  8:09  Marine  
  142  8:14  Supply Depot  
  142  8:15  Supply Depot  
  142  8:19  Liberator  
  145  8:22  Marine  
  145  8:23  Marine  
  145  8:26  Marauder, Marine  
  152  8:27  Marauder  
  152  8:28  Command Center  
  152  8:30  Marine x3  
  152  8:31  Missile Turret  
  155  8:39  Marine  
  155  8:40  Liberator  
  155  8:41  Barracks, Liberator  
  159  8:42  Barracks  
  159  8:43  Marine  
  159  8:44  Marine  
  159  8:47  Marauder  
  165  8:48  Marauder, Marine x3  
  165  8:57  Marine  
  172  9:03  Supply Depot  
  172  9:04  Supply Depot, Marine  
  172  9:07  Liberator x2  
  173  9:10  Supply Depot, Marauder x2, Marine  
  178  9:18  Marine  
  179  9:31  Supply Depot, Barracks Tech Lab x2  
  185  9:32  Marauder x2, Missile Turret, Marine x2  
  185  9:33  Sensor Tower  
  191  9:44  Marine x2  
  193  9:47  Medivac x2  
  193  9:49  Marine  
  193  9:50  Marauder  
  200  10:03  Marine  
  200  10:05  Marauder  
  200  10:09  Medivac  
  196  10:15  Marine  
  196  10:16  Marine, Marauder  
  196  10:17  Marine  
  192  10:30  Marauder, Marine  
  145  10:40  Medivac x2  
  145  10:41  Marauder x3, Marine x5  
  138  10:44  Liberator x2  
  121  10:50  Marine  
  121  10:51  Marauder  
  118  10:59  Marine x5  
  118  11:03  Marauder  
  128  11:04  Marine  
  128  11:05  Liberator, Marauder  
  128  11:09  Marine  
  132  11:13  Marauder  
  132  11:14  Terran Infantry Weapons Level 3, Terran Infantry Armor Level 3  
  132  11:17  Marine x3  
  132  11:18  Marine x2  
  137  11:23  Marine, Marauder  
  145  11:26  Marine x2  
  145  11:31  Ghost Academy  
  147  11:34  Marine x2  
  147  11:35  Marine x2  
  147  11:37  Terran Ship Weapons Level 2, Missile Turret  
  147  11:38  Marine  
  147  11:39  Marine  
  153  11:42  Marauder  
  153  11:44  Marauder, Marine x2  
  153  11:46  Liberator x2  
  159  11:52  Marine x4  
  163  11:56  Marine x2  
  165  12:02  Marine, Marauder  
  174  12:08  Command Center  
  174  12:10  Marauder, Marine  
  177  12:24  Liberator  
  177  12:25  Liberator  
  177  12:27  Marauder, Marine  
  177  12:29  Marine  
  183  12:30  Marauder  
  183  12:32  Marauder  
  183  12:37  Liberator x2  
  183  12:39  Marauder  
  159  12:45  Marine x2  
  159  12:48  Marauder  
  159  12:50  Marine x2  
  159  12:51  Marauder, Marine  
  155  12:58  Marauder, Marine  
  142  13:04  Marine  
  124  13:11  Marine  
  115  13:19  Orbital Command  
  113  13:25  Marine  
  90  13:38  Marine x2  
  90  13:40  Marine  
  93  13:47  Marine  
  93  13:51  Orbital Command  
  93  13:55  Marine  
  76  13:59  Marine  
  76  14:01  Orbital Command  
  70  14:30  SCV x3  
  73  14:43  Planetary Fortress  
  73  14:44  SCV  
  74  14:47  SCV  
  74  14:50  SCV  
  76  14:56  SCV  
  76  14:59  SCV  
  78  15:02  SCV  
Show
View Real Time Build Order
Export as new Build Order

HuK Protoss - Winner!

Build Orders: 1 Gate Expand, Double Forge, Blink Stalkers, Zealot Archon 

Get SALT Encoding   

  12  0:00  Probe (Chrono Boost)  
  13  0:11  Probe (Chrono Boost)  
  14  0:17  Pylon  
  14  0:22  Probe (Chrono Boost)  
  15  0:36  Gateway, Probe (Chrono Boost)  
  15  0:42  Assimilator  
  16  0:46  Probe (Chrono Boost)  
  18  0:57  Probe (Chrono Boost)  
  18  1:07  Probe (Chrono Boost)  
  19  1:18  Probe (Chrono Boost)  
  20  1:23  Cybernetics Core  
  20  1:28  Probe (Chrono Boost)  
  21  1:38  Nexus  
  21  1:39  Probe (Chrono Boost)  
  22  1:49  Pylon  
  22  1:50  Probe (Chrono Boost)  
  22  1:52  Assimilator  
  23  1:59  Warp Gate (Chrono Boost)  
  23  2:07  Probe  
  23  2:08  Adept (Chrono Boost)  
  26  2:19  Twilight Council  
  26  2:20  Probe (Chrono Boost)  
  27  2:31  Probe (Chrono Boost)  
  28  2:42  Probe (Chrono Boost)  
  29  2:50  Probe (Chrono Boost)  
  30  2:54  Probe (Chrono Boost)  
  30  2:57  Blink (Chrono Boost)  
  31  2:59  Probe  
  32  3:09  Nexus  
  32  3:10  Probe  
  33  3:16  Mothership Core  
  35  3:21  Probe  
  36  3:28  Pylon  
  36  3:31  Probe  
  37  3:37  Probe  
  38  3:44  Probe  
  38  3:47  Gateway  
  39  3:49  Probe  
  39  3:50  Gateway  
  39  3:55  Probe  
  40  4:00  Robotics Facility  
  40  4:01  Sentry, Probe  
  44  4:06  Probe  
  45  4:11  Pylon  
  45  4:13  Probe  
  45  4:16  Probe  
  46  4:20  Probe  
  46  4:23  Assimilator  
  48  4:24  Pylon  
  48  4:25  Probe  
  48  4:26  Assimilator  
  48  4:29  Probe  
  50  4:34  Stalker  
  50  4:37  Probe  
  52  4:40  Probe  
  52  4:44  Stalker  
  52  4:45  Stalker, Probe  
  57  4:48  Observer (Chrono Boost)  
  57  4:49  Probe  
  57  4:50  Probe  
  61  4:54  Forge  
  61  4:56  Probe, Forge  
  62  5:01  Probe x2, Pylon  
  64  5:07  Observer (Chrono Boost)  
  64  5:10  Stalker x2  
  64  5:13  Stalker  
  71  5:16  Probe  
  71  5:17  Probe x2  
  74  5:22  Warp Prism (Chrono Boost)  
  74  5:25  Protoss Ground Weapons Level 1 (Chrono Boost), Protoss Ground Armor Level 1 (Chrono Boost)  
  76  5:31  Probe  
  76  5:32  Probe  
  76  5:34  Probe  
  79  5:40  Charge (Chrono Boost)  
  79  5:43  Probe  
  79  5:44  Probe  
  81  5:50  Probe  
  81  5:51  Gateway  
  81  5:52  Gateway  
  81  5:54  Observer  
  84  5:57  Probe  
  84  6:02  Stalker x3  
  84  6:04  Gateway  
  90  6:07  Gateway  
  85  6:19  Probe x2  
  85  6:24  Probe  
  88  6:26  Assimilator  
  88  6:27  Assimilator  
  88  6:28  Zealot  
  88  6:29  Pylon, Zealot  
  88  6:31  Probe  
  88  6:32  Pylon  
  93  6:36  Pylon  
  93  6:37  Pylon  
  93  6:38  Pylon  
  93  6:47  Probe x2  
  93  6:53  Probe  
  96  6:56  Protoss Ground Armor Level 2, Protoss Ground Weapons Level 2  
  96  6:58  Templar Archives, Colossus (Chrono Boost)  
  96  7:00  Probe, Zealot  
  96  7:01  Zealot x2  
  103  7:11  Gateway, Nexus  
  103  7:12  Gateway, Photon Cannon  
  103  7:17  Photon Cannon  
  103  7:19  Pylon  
  103  7:21  Zealot  
  105  7:25  Pylon  
  105  7:28  Pylon  
  105  7:34  High Templar x4  
  114  7:37  Observer (Chrono Boost)  
  114  7:46  Archon x2  
  114  7:48  Zealot x3  
  120  7:53  Gateway  
  120  7:57  Pylon  
  120  7:58  Gateway x2  
  120  7:59  Warp Prism (Chrono Boost)  
  120  8:01  Gateway x2  
  122  8:08  Zealot x2  
  122  8:09  Zealot x2  
  122  8:12  Probe x2  
  132  8:17  High Templar  
  132  8:18  High Templar x3  
  140  8:32  Photon Cannon  
  140  8:36  Psionic Storm  
  140  8:37  Immortal (Chrono Boost), Archon x2  
  140  8:39  Zealot x3  
  140  8:40  Zealot  
  152  8:45  High Templar  
  154  8:50  High Templar  
  154  8:55  Protoss Ground Weapons Level 3, Protoss Ground Armor Level 3  
  154  8:57  Nexus  
  154  9:10  Photon Cannon x2  
  153  9:44  Zealot x4  
  153  9:45  Zealot x2  
  165  9:47  Pylon  
  165  9:48  Pylon  
  165  9:50  Pylon  
  165  9:52  Pylon  
  165  9:58  Zealot x2  
  162  10:08  Zealot x8  
  162  10:09  Zealot x4  
  186  10:21  High Templar x2  
  156  10:36  Zealot x2  
  156  10:38  Archon  
  142  10:45  Zealot x8  
  142  10:46  Zealot, High Templar  
  150  11:05  Assimilator x2  
  150  11:07  High Templar x2  
  150  11:09  Warp Prism (Chrono Boost)  
  152  11:11  Photon Cannon  
  152  11:14  Photon Cannon  
  152  11:15  High Templar x2  
  152  11:16  High Templar  
  158  11:19  Zealot x5  
  158  11:23  Protoss Shields Level 1  
  158  11:25  Nexus  
  168  11:27  Pylon  
  168  11:40  Observer (Chrono Boost)  
  168  11:43  Pylon  
  168  11:45  High Templar x6  
  168  11:46  High Templar  
  183  11:48  Zealot x7  
  183  11:50  Archon x3  
  195  12:15  Photon Cannon  
  195  12:16  Photon Cannon  
  195  12:18  Photon Cannon  
  195  12:20  Pylon  
  194  12:24  Photon Cannon  
  194  12:26  Photon Cannon  
  188  12:43  Zealot x2  
  188  12:44  Zealot x10  
  180  12:45  Zealot x2  
  192  12:58  Immortal  
  194  13:08  High Templar x2  
  194  13:09  High Templar  
  198  13:21  Stalker x3  
  198  13:24  Stalker  
  198  13:25  Stalker x3  
  200  13:39  Assimilator  
  200  13:41  Photon Cannon  
  200  13:44  Photon Cannon  
  200  13:46  Assimilator  
  200  13:47  Warp Prism  
  134  14:03  High Templar x3  
  134  14:04  High Templar x6  
  134  14:05  High Templar x3  
  140  14:21  Observer  
  140  14:23  Archon x3  
  140  14:25  Archon x2  
  140  14:34  Zealot x3  
  146  14:40  Zealot x9  
  146  14:41  Zealot  
  146  14:42  Observer  
  146  14:44  Stalker  
  169  14:53  Zealot  
  171  15:05  Zealot x4  
  171  15:06  Zealot x3  
  185  15:07  Zealot  
  185  15:08  Stalker x4  

Tags
 
Add a new tag
Caveats
  • Supply blocks, unpowered buildings, or Contaminate may cause inaccurate times.
  • Supply counts are checked every 10 seconds.